 Dungeon Crawl Stone Soup version 0.31.0-12-g77e489cdc1 (webtiles) character file.

Game seed: 15457274922088287341

98 sking99 the Poker (level 4, -3/37 HPs)
             Began as a Merfolk Monk on Feb 22, 2024.
             Slain by Ijyb
             ... wielding a +0 club
              (4 damage)
             ... on level 4 of the Dungeon.
             The game lasted 00:06:24 (2389 turns).

sking99 the Poker (Merfolk Monk)                    Turns: 2389, Time: 00:06:24

Health: -3/37      AC:  8    Str: 13    XL:     4   Next: 71%
Magic:  4/4        EV: 17    Int:  9    God:
Gold:   152        SH:  0    Dex: 16    Spells: 3/3 levels left

rFire   . . .        a - +0 spear
rCold   . . .        d - orb {light}
rNeg    . . .        e - +0 ring mail
rPois   +            (no helmet)
rElec   .            t - +0 cloak {rPois}
rCorr   .            q - +0 pair of gloves
SInv    .            o - +0 pair of boots
Will    .....        (no amulet) Stlth
                     f - +5 ring of evasion
HPRegen 0.26/turn    (no ring)
MPRegen 0.09/turn

%: no passive effects
@: confused, on berserk cooldown, slowed, glowing, very slow
A: (nimble swimmer 2), mertail
a: no special abilities


You were on level 4 of the Dungeon.
You visited 1 branch of the dungeon, and saw 4 of its levels.

You collected 152 gold pieces.

Inventory:

Hand Weapons
 a - a +0 spear (weapon)
Armour
 d - an orb of light (worn)
 e - a +0 ring mail (worn)
 g - a +0 helmet
 o - a +0 pair of boots (worn)
 q - a +0 pair of gloves (worn)
 t - a +0 cloak of poison resistance (worn)
Jewellery
 f - a +5 ring of evasion (left hand)
 r - a ring of poison resistance
Scrolls
 b - 2 scrolls of noise
 i - 2 scrolls of teleportation {unknown}
 j - a scroll of amnesia {unknown}
 n - a scroll of vulnerability {unknown}
 s - a scroll of identify
Potions
 h - a potion of might {unknown}
 l - a potion of enlightenment {unknown}
 m - a potion of berserk rage
 p - a potion of resistance {unknown}


   Skills:
 + Level 4.0 Fighting
 * Level 5.7 Polearms
 + Level 4.9 Dodging


You had 3 spell levels left.
You didn't know any spells.
Your spell library contained the following spells:

 Spells                   Type           Power      Damage    Failure   Level
 Brom's Barrelling Bould  Conj/Erth      0%         2d3       100%        4
 Fireball                 Conj/Fire      0%         3d3       100%        5
 Iskenderun's Battlesphe  Conj           0%         2d6       100%        5
 Conjure Ball Lightning   Conj/Air       0%         3x3d6     100%        6
 Orb of Destruction       Conj           0%         9d5       100%        7


Dungeon Overview and Level Annotations

Branches:
Dungeon (4/15)
 Temple: D:4-7

Altars:
Vehumet

Annotations:
D:4 Ijyb


Innate Abilities, Weirdness & Mutations

((You are very nimble when in or above water. (Stealth+, EV+, Speed+++)))
Your lower body shifts to a powerful aquatic tail in water.


Message History

The kobold barely misses you.
The bombardier beetle bites you but does no damage.
Okay, then.
As you read the scroll labelled OTOBRU GIZISK, it crumbles to dust.
It is a scroll of identify.
m - 2 potions of berserk rage The liquid fire burns you!
* * * LOW HITPOINT WARNING * * *
Ijyb screams, "Level is mine!
All mine!"
Ijyb completely misses you. The kobold barely misses you.
The kobold hits you but does no damage.
A red film seems to cover your vision as you go berserk!
You feel yourself moving faster!
You feel mighty! The liquid fire burns you!
* * * LOW HITPOINT WARNING * * *
Ijyb zaps a wand.
Your will is overpowered!
You are confused.
The kobold closely misses you. x2
The bombardier beetle barely misses you.
You shake off the liquid fire.
You feel a strong urge to attack something.
The kobold misses you.
You're too confused to move!
Ijyb zaps a wand.
Your will is overpowered!
You are more confused.
The kobold closely misses you.
You closely miss the kobold. The kobold hits you with a +0 club.
* * * LOW HITPOINT WARNING * * *
You closely miss the kobold. The kobold hits you but does no damage.
Ijyb zaps a wand.
Your will is overpowered!
You are more confused.
You are no longer berserk.
You are exhausted.
You feel yourself slow down. The kobold misses you.
Ijyb hits you with a +0 club.
* * * LOW HITPOINT WARNING * * *
The kobold completely misses you. Ijyb closely misses you.
The kobold closely misses you.
The bombardier beetle barely misses you.
Ijyb hits you with a +0 club.
You die...

* ############ *,* * #..........#
*** *,* ####..........#
*,********,* ..............#
*####,,,,,*,,,,* ..............*
*...>,***,,,,,,*
....>.....########.#**** ***,,,,*
....<......##......#********,,,,*
...........##..KK..##...,,**,,,,*
...........##..g@....[..,,*,,,,,*
...........##..B........,,,,,,,,*
...)..............#.....,,,******
#.........##.###.##.#...,,,,,,,*
#.........##.#*#.#*,#,..,,,,,,,*
..........##..,..#,,*,,.,,,,,,,*
,..........##..###,****,,,,,,,,*
,,..B......,,.##*,,* *,**,,,,,*
,,,.......*,,..,,,** **,*****,,**


You could see Ijyb, a bombardier beetle and 2 kobolds.

Vanquished Creatures
  A hound (D:4)
  2 adders
  2 dart slugs (D:1)
  6 endoplasms
  2 giant cockroaches
  4 goblins
  5 hobgoblins
  5 kobolds
  3 quokkas
  3 ball pythons
  5 bats (D:1)
  3 frilled lizards
  3 rats
44 creatures vanquished.

Notes
Turn   | Place    | Note
-------+----------+-------------------------------------------
     0 | D:1      | sking99 the Merfolk Monk began the quest for the Orb.
     0 | D:1      | Reached XP level 1. HP: 18/18 MP: 1/1
   111 | D:1      | Reached XP level 2. HP: 24/24 MP: 2/2
   398 | D:1      | Reached XP level 3. HP: 29/29 MP: 3/3
   941 | D:2      | Reached skill level 5 in Polearms
   950 | D:2      | Found a radiant altar of Vehumet.
  1902 | D:3      | Reached XP level 4. HP: 36/37 MP: 4/4
  2331 | D:4      | Noticed Ijyb
  2388 | D:4      | HP: 1/37 [Ijyb/+0 club (3)]
  2389 | D:4      | Slain by Ijyb

Illustrated notes

Levels and vault maps discovered:
D:1:      minmay_arrival_nine_rooms, layout_loops_ring,
          chequers_serial_rivers_micro_d
D:2:      layout_loops_corners, basic_altar
D:3:      layout_loops_ring
D:4:      minmay_goblin_kobold_castle, layout_rooms, portal_sewer_entry_e,
          uniq_crazy_yiuf_cottage, uniq_ijyb

Skill      XL: |  1  2  3  4 |
---------------+-------------+-----
Polearms       | 5 |  5.7
Fighting       | 4 |  4.0
Dodging        | |  4.9

Action                     |  1- 3 |  4- 6 || total
---------------------------+-------+-------++-------
  Melee: Spear             |   118 |    50 ||   168
    Use: Potion            |       |     4 ||     4
         Scroll            |       |     3 ||     3
 Armour: Ring mail         |    22 |    54 ||    76
  Dodge: Dodged            |    43 |    97 ||   140
